Map: King Sejong Station LE

Players

blackxored

  • Race: Zerg Zerg
  • League: Diamond

TickleME - Winner!

  • Race: Terran Terran
  • League: Diamond

VOD

Have the link to the VOD?

Description

Time

  • Played on: July 1, 2016, 8:16 p.m.
  • Length: 8:56
Show
View Real Time Build Order
Export as new Build Order

blackxored Zerg 

Build Orders: Hatch First 

Get SALT Encoding   

  12  0:01  Drone  
  13  0:08  Drone  
  14  0:21  Overlord  
  14  0:23  Extractor, Drone  
  15  0:40  Drone  
  15  0:42  Drone  
  17  0:53  Hatchery  
  17  0:56  Drone  
  17  1:00  Drone  
  18  1:11  Extractor  
  18  1:17  Spawning Pool  
  16  1:25  Drone  
  16  1:26  Drone  
  18  1:33  Drone  
  18  1:39  Overlord  
  19  1:49  Drone  
  20  2:04  Zergling x2  
  20  2:05  Queen  
  20  2:06  Zergling x2, Queen  
  26  2:11  Zergling x2  
  27  2:19  Metabolic Boost  
  27  2:24  Drone x2  
  29  2:32  Drone x2  
  31  2:52  Hatchery  
  31  2:54  Extractor  
  29  3:03  Overlord  
  30  3:09  Drone x4  
  30  3:10  Drone  
  30  3:12  Pneumatized Carapace  
  35  3:21  Overlord, Queen  
  37  3:34  Drone x5  
  38  3:35  Drone  
  43  3:42  Drone  
  44  3:49  Overlord  
  44  4:10  Queen x3  
  44  4:11  Drone x6  
  56  4:21  Overlord  
  56  4:30  Zergling x12  
  56  4:31  Zergling x2  
  62  4:45  Queen x3  
  68  5:10  Zergling x10  
  68  5:11  Overlord  
  68  5:12  Overlord x5  
  73  5:18  Spore Crawler  
  72  5:22  Drone  
  73  5:35  Drone x3  
  73  5:36  Drone x6  
  82  5:56  Spore Crawler  
  81  5:57  Drone x2  
  81  5:58  Spine Crawler  
  81  6:01  Spore Crawler  
  81  6:03  Drone x2  
  81  6:04  Spine Crawler  
  82  6:07  Drone x2, Spine Crawler  
  82  6:08  Drone x7  
  82  6:09  Drone  
  91  6:12  Extractor  
  91  6:13  Extractor  
  91  6:14  Lair  
  89  6:19  Drone x6  
  89  6:22  Extractor  
  89  6:25  Extractor  
  93  6:28  Extractor  
  93  6:32  Drone x4  
  96  6:33  Drone x2  
  98  6:43  Overlord  
  98  6:45  Zergling x10  
  103  6:52  Drone x2, Hatchery  
  104  7:00  Evolution Chamber  
  101  7:01  Baneling Nest  
  101  7:04  Evolution Chamber  
  89  7:10  Hatchery  
  89  7:13  Zergling x2  
  89  7:14  Zergling x22  
  92  7:26  Overseer  
  91  7:31  Zergling x2  
  91  7:32  Zergling x10  
  86  7:39  Zergling x2  
  86  7:40  Zergling x4  
  86  7:42  Zergling x2  
  86  7:43  Zergling x4  
  92  7:44  Baneling  
  92  7:45  Baneling x5  
  92  7:48  Zergling x6  
  92  7:49  Zergling x2  
  93  7:55  Zergling x4  
  84  8:06  Zergling x8  
  84  8:08  Baneling x2  
  84  8:14  Zergling x4  
  80  8:20  Zergling x6  
  83  8:27  Zergling x2  
  83  8:28  Zergling x4  
  83  8:31  Zergling x2  
Show
View Real Time Build Order
Export as new Build Order

TickleME Terran - Winner!

Build Orders: Reaper Expand, MMM Bio 

Get SALT Encoding   

  12  0:01  SCV  
  13  0:17  Supply Depot  
  13  0:20  SCV  
  14  0:32  SCV  
  15  0:40  Barracks  
  15  0:42  Refinery  
  15  0:45  SCV  
  17  0:57  SCV  
  17  1:09  SCV  
  18  1:21  SCV  
  19  1:31  Command Center  
  19  1:40  Orbital Command  
  19  1:44  Reaper  
  20  1:56  Supply Depot  
  20  2:02  Barracks  
  20  2:08  SCV  
  21  2:20  SCV  
  22  2:26  Factory  
  22  2:32  SCV  
  22  2:34  Refinery  
  23  2:47  Orbital Command  
  23  2:57  SCV  
  24  2:58  Barracks Tech Lab  
  24  3:03  Barracks Reactor  
  24  3:08  Bunker  
  24  3:09  SCV  
  25  3:14  Starport  
  25  3:17  SCV  
  26  3:21  SCV  
  26  3:23  Stimpack  
  26  3:25  Marine  
  28  3:29  SCV  
  28  3:33  SCV  
  30  3:41  SCV  
  31  3:43  Marine x3  
  31  3:45  SCV  
  35  3:49  Supply Depot  
  35  3:53  SCV  
  36  3:56  Medivac  
  36  3:58  SCV  
  36  4:00  Marine  
  36  4:01  Marine x2  
  42  4:04  Supply Depot  
  42  4:05  SCV  
  43  4:10  SCV  
  44  4:17  SCV  
  44  4:18  Marine x2  
  44  4:19  Marine  
  44  4:22  SCV  
  49  4:29  SCV  
  50  4:34  SCV  
  50  4:36  Marine  
  50  4:37  Factory Reactor  
  52  4:41  SCV  
  53  4:46  Marine x2, SCV  
  53  4:47  Starport Reactor  
  53  4:49  Command Center  
  53  4:52  Engineering Bay  
  56  4:53  SCV  
  56  4:54  Engineering Bay, Marine, Refinery  
  56  4:58  SCV  
  59  5:04  Marine x2  
  59  5:06  SCV  
  62  5:11  Supply Depot  
  62  5:13  Supply Depot  
  62  5:20  Widow Mine x2  
  62  5:21  Terran Infantry Weapons Level 1, Marine x2, SCV x2  
  69  5:23  Terran Infantry Armor Level 1  
  70  5:32  Marine  
  70  5:33  Medivac x2  
  70  5:35  Supply Depot  
  75  5:36  SCV  
  75  5:37  Supply Depot  
  75  5:38  SCV  
  77  5:43  Refinery  
  77  5:49  Barracks  
  77  5:54  Barracks  
  77  5:57  Marine  
  77  5:59  Barracks  
  77  6:01  Combat Shields  
  77  6:03  SCV  
  77  6:04  SCV  
  80  6:08  Orbital Command  
  80  6:15  SCV  
  80  6:16  SCV  
  80  6:18  Marine x2  
  84  6:19  Marine  
  85  6:27  SCV  
  85  6:28  Armory  
  85  6:32  SCV  
  87  6:36  Marine x2  
  87  6:37  Marine, SCV  
  91  6:45  Supply Depot, Barracks  
  91  6:46  Marine x2  
  93  6:47  Widow Mine  
  93  6:50  Widow Mine  
  93  6:53  Marine  
  93  6:54  Marine  
  93  7:12  Marine x6  
  93  7:14  SCV  
  100  7:15  Medivac x2  
  100  7:16  Widow Mine  
  100  7:19  Widow Mine  
  108  7:29  Marine x2  
  108  7:30  Marine x4  
  108  7:31  Marine  
  111  7:44  Supply Depot  
  111  7:47  Marine x4  
  111  7:48  Marine x2  
  111  7:49  Marine  
  115  8:05  Marine x5  
  113  8:06  Marine  
  113  8:07  Marine  
  117  8:23  Marine x6  
  117  8:25  Marine  
  128  8:54  Supply Depot  
  133  8:56  Supply Depot  
Tags
 
Add a new tag
Caveats
  • Supply blocks, unpowered buildings, or Contaminate may cause inaccurate times.
  • Supply counts are checked every 10 seconds.